 Dungeon Crawl Stone Soup version 0.30-a0-414-gcb316572d5 (webtiles) character file.

Game seed: 11398534680282014232

320 PyroL the Grave Robber (level 6, 0/41 HPs)
             Began as a Demonspawn Necromancer on Dec 7, 2022.
             Slain by an orc wizard
             ... wielding a +0 dagger
              (4 damage)
             ... on level 5 of the Dungeon.
             The game lasted 00:06:32 (2783 turns).

PyroL the Grave Robber (Demonspawn Necromancer)     Turns: 2783, Time: 00:06:32

Health: 0/41       AC:  2    Str:  8    XL:     6   Next: 22%
Magic:  1/12       EV: 14    Int: 19    God:
Gold:   142        SH:  0    Dex: 13    Spells: 2/14 levels left

rFire   . . .      SeeInvis .    k - +0 dagger (venom)
rCold   . . .      Faith    .    (no shield)
rNeg    . . .      Spirit   .    a - +0 robe
rPois   .          Reflect  .    (no helmet)
rElec   .          Harm     .    (no cloak)
rCorr   .          Rampage  .    (no gloves)
Will    .....                    (no boots)
Stlth   ++........               (no amulet)
HPRegen 0.26/turn                i - ring of flight
MPRegen 0.13/turn                (no ring)

@: flying
A: repulsion field 1
a: no special abilities


You were on level 5 of the Dungeon.
You visited 1 branch of the dungeon, and saw 5 of its levels.

You collected 142 gold pieces.

Inventory:

Hand Weapons
 k - a +0 dagger of venom (weapon)
Armour
 a - a +0 robe (worn)
Jewellery
 i - a ring of flight (left hand)
Scrolls
 d - a scroll of summoning {unknown}
 h - 2 scrolls of fog
 m - a scroll of teleportation {unknown}
Potions
 b - a potion of magic
 c - a potion of lignification
 e - a potion of brilliance {unknown}
 f - 2 potions of heal wounds {unknown}
 g - a potion of might {unknown}
 j - 3 potions of haste
 l - a potion of cancellation {unknown}


   Skills:
 - Level 1.7 Dodging
 - Level 1.7 Stealth
 + Level 4.5 Spellcasting
 + Level 6.6 Necromancy


You had 2 spell levels left.
You knew the following spells:

 Your Spells              Type           Power      Damage    Failure   Level
a - Necrotise             Necr           100%       1d9       1%          1
b - Vampiric Draining     Necr           29%        2d8       2%          3
c - Animate Dead          Necr           29%        N/A       9%          4
d - Anguish               Hex/Necr       8%         N/A       32%         4

Your spell library contained the following spells:

 Spells                   Type           Power      Damage    Failure   Level
 Sandblast                Erth           8%         2d5       13%         1
 Ensorcelled Hibernation  Hex/Ice        8%         N/A       21%         2
 Passwall                 Tmut/Erth      3%         N/A       21%         2
 Agony                    Necr           29%        N/A       24%         5
 Call Canine Familiar     Summ           4%         N/A       36%         3
 Portal Projectile        Hex/Tloc       8%         N/A       36%         3
 Spider Form              Tmut/Pois      4%         N/A       36%         3
 Stone Arrow              Conj/Erth      8%         3d7       36%         3
 Tukima's Dance           Hex            4%         N/A       36%         3
 Leda's Liquefaction      Hex/Erth       2%         N/A       78%         4
 Blade Hands              Tmut           2%         N/A       98%         5


Dungeon Overview and Level Annotations

Branches:
Dungeon (6/15)
 Temple: D:4-7

Altars:
Cheibriados
Nemelex Xobeh


Innate Abilities, Weirdness & Mutations

You are surrounded by a mild repulsion field. (EV +2)


Message History

The orc misses you.
The orc priest hits you but does no damage.
Sorry, you're not good enough to have a special ability.
You hit the orc priest.
The orc priest looks as sick as possible!
The orc priest is almost dead.
You kill the orc priest!
The orc barely misses you.
You closely miss the orc.
The orc is heavily wounded.
Something hits you. The orc completely misses you.
Sorry, you're not good enough to have a special ability.
You barely miss something. The ufetubus closely misses you. x2
Something hits you. The orc hits you with a +0 hand axe.
* * * LOW HITPOINT WARNING * * *
Sorry, you're not good enough to have a special ability.
You closely miss the ufetubus. The ufetubus hits you.
* * * LOW HITPOINT WARNING * * *
The ufetubus hits you.
* * * LOW HITPOINT WARNING * * *
The ufetubus misses you. The ufetubus barely misses you. Something hits you.
* * * LOW HITPOINT WARNING * * *
The orc barely misses you.
Casting: Vampiric Draining (dangerous; 2% risk of failure)
Confirm with . or Enter, or press ? or * to list all spells.
Aiming: Necrotise (safe; 1% risk of failure)
Press: ? - help, Shift-Dir - straight line, f - orc
Aim: an orc, wielding a +0 hand axe and wearing a +0 ring mail (almost dead, poisoned, chance to affect: 93%)
Okay, then.
Casting: Necrotise (safe; 1% risk of failure)
Confirm with . or Enter, or press ? or * to list all spells.
Aiming: Vampiric Draining (dangerous; 2% risk of failure)
Press: ? - help, Shift-Dir - straight line, f - orc
Aim: an orc, wielding a +0 hand axe and wearing a +0 ring mail (almost dead, poisoned)
You draw life force from the orc!
You kill the orc!
The ufetubus completely misses you. The ufetubus hits you.
* * * LOW HITPOINT WARNING * * *
Something hits you.
You die...

#####........##
#.............#
#.#.####^####.# .#
....# ..... #.####.#
#...#.......#......#
....#.......#.####.###
#...#..._...^.# #...
.#..# ......#.####.#
....# ......#...@).#
.)..# ...?. #..5#{)#
....# ##### #..##..#
..#..... ....###..#
..............# #.[#
........###.... ..).
#.##....# #.#####?.#.
#.# #.#.# #. #...# .#
.# # #..#


You could see an ufetubus.

Vanquished Creatures
  A scorpion (D:5)
  A hound (D:5)
  A jelly (D:5)
  An orc priest (D:5)
  An iguana (D:5)
  An orc wizard (D:3)
  A gnoll (D:2)
  2 adders
  2 dart slugs
  6 orcs
  3 ball pythons
  5 bats (D:2)
  5 endoplasms
  2 giant cockroaches (D:1)
  6 hobgoblins
  4 jackals (D:1)
  3 kobolds (D:1)
  2 quokkas
  3 frilled lizards
  5 goblins
  3 rats
58 creatures vanquished.

Vanquished Creatures (collateral kills)
  A hound (D:5)
  An endoplasm (D:1)
2 creatures vanquished.

Grand Total: 60 creatures vanquished

Notes
Turn   | Place    | Note
-------+----------+-------------------------------------------
     0 | D:1      | PyroL the Demonspawn Necromancer began the quest for the
                  | Orb.
     0 | D:1      | Reached XP level 1. HP: 13/13 MP: 3/3
   315 | D:1      | Gained mutation: You are surrounded by a mild repulsion
                  | field. (EV +2) [demonic ancestry]
   315 | D:1      | Reached XP level 2. HP: 19/19 MP: 1/5
  1049 | D:1      | Reached skill level 5 in Necromancy
  1049 | D:1      | Reached XP level 3. HP: 21/24 MP: 2/7
  1373 | D:2      | Learned a level 3 spell: Vampiric Draining
  1686 | D:2      | Found a snail-covered altar of Cheibriados.
  2094 | D:2      | Reached XP level 4. HP: 30/30 MP: 6/8
  2321 | D:3      | You are sucked into a shaft and drop 3 floors!
  2371 | D:6      | Noticed a bullfrog
  2405 | D:6      | Noticed an ice beast
  2422 | D:5      | Entered Level 5 of the Dungeon
  2433 | D:5      | Reached XP level 5. HP: 22/35 MP: 4/10
  2440 | D:5      | Reached skill level 6 in Necromancy
  2557 | D:5      | Found a sparkling altar of Nemelex Xobeh.
  2671 | D:5      | Reached XP level 6. HP: 33/41 MP: 4/12
  2745 | D:5      | Learned a level 4 spell: Animate Dead
  2750 | D:5      | Learned a level 4 spell: Anguish
  2783 | D:5      | Slain by an orc wizard

Illustrated notes

Levels and vault maps discovered:
D:1:      dpeg_arrival_rhombi, layout_basic, minmay_pentomino_u4
D:2:      layout_loops_ring, basic_altar
D:3:      layout_rooms, ebering_ecumenical_altar_ruins
D:5:      layout_loops_ring, lemuel_tele_altar, mainiacjoe_overflow_alcove_2
D:6:      layout_loops_cross, mainiacjoe_overflow_alcove_4,
          makhleb_grotto_becter, gammafunk_ghost_grave, kennysheep_dice

Skill      XL: |  1  2  3  4  5 |
---------------+----------------+-----
Necromancy     | 5 6 |  6.6
Spellcasting   | 3 4 |  4.5
Dodging        | |  1.7
Stealth        | |  1.7

Action                   |  1- 3 |  4- 6 || total
-------------------------+-------+-------++-------
Melee: Dagger            |    37 |    52 ||    89
       Punch             |     1 |       ||     1
 Cast: Necrotise         |    52 |    16 ||    68
       Vampiric Draining |     1 |    11 ||    12
  Use: Scroll            |     5 |       ||     5
 Stab: Sleeping          |     1 |     1 ||     2
Armor: Robe              |     4 |    10 ||    14
Dodge: Dodged            |    42 |    65 ||   107

Table legend: (Time is in decaauts)
 A = Elapsed time spent in this place.
 B = Non-inter-level travel time spent in this place.
 C = Inter-level travel time spent in this place.
 D = Time resting spent in this place.
 E = Time spent auto-exploring this place.
 F = Levels seen in this place.
 G = Mean time per level.
                   A        B        C        D        E       F      G
               +--------+--------+--------+--------+--------+-----+--------+
         Total |   2780 |   2751 |     29 |    420 |   1746 |   5 |  556.0 |
       Dungeon |   2780 |   2751 |     29 |    420 |   1746 |   5 |  556.0 |
               +--------+--------+--------+--------+--------+-----+--------+

Top non-repeatable levels by time:
     D:1: 1316 daAuts
     D:2: 832 daAuts
     D:5: 360 daAuts
     D:3: 170 daAuts
     D:6: 100 daAuts
